 Dungeon Crawl Stone Soup version 0.30.1-9-gdf580d7c3d (webtiles) character file.

Game seed: 15962023363023007718

23 monsoonserge the Grasshopper (level 2, -1/22 HPs)
             Began as a Demonspawn Warper on Oct 14, 2023.
             Slain by a worm (5 damage)
             ... on level 1 of the Dungeon.
             The game lasted 00:02:16 (581 turns).

monsoonserge the Grasshopper (Demonspawn Warper)     Turns: 581, Time: 00:02:17

Health: -1/22      AC:  3    Str: 11    XL:     2   Next: 75%
Magic:  5/5        EV: 11    Int: 14    God:
Gold:   55         SH:  0    Dex: 12    Spells: 3/5 levels left

rFire   . . .        h - +0 dagger
rCold   . . .        (no shield)
rNeg    . . .        b - +0 leather armour
rPois   .            (no helmet)
rElec   .            (no cloak)
rCorr   .            (no gloves)
SInv    .            (no boots)
Will    .....        (no amulet)
Stlth   +            (no ring)
HPRegen 0.23/turn    (no ring)
MPRegen 0.09/turn

%: no passive effects
@: no status effects
A: demonic magic 1
a: no special abilities


You were on level 1 of the Dungeon.
You visited 1 branch of the dungeon, and saw 2 of its levels.

You collected 55 gold pieces.

Inventory:

Hand Weapons
 h - a +0 dagger (weapon)
Missiles
 d - 7 boomerangs of dispersal (quivered)
Armour
 b - a +0 leather armour (worn)
Scrolls
 c - a scroll of blinking
 g - 2 scrolls of identify {unknown}
Potions
 a - 3 potions of flight {unknown}
 e - a potion of mutation {unknown}
 f - a potion of curing {unknown}


   Skills:
 + Level 2.0 Fighting
 * Level 0.7(1.6) Short Blades
 - Level 2.2(2.3) Long Blades
 + Level 0.8 Throwing
 * Level 1.0 Armour
 + Level 2.0 Dodging
 + Level 2.0 Spellcasting
 - Level 3.0 Translocations


You had 3 spell levels left.
You knew the following spells:

 Your Spells              Type           Power      Damage    Failure   Level
a - Blink                 Tloc           18%        N/A       14%         2

Your spell library contained the following spells:

 Spells                   Type           Power      Damage    Failure   Level
 Lesser Beckoning         Tloc           18%        N/A       14%         2
 Teleport Other           Tloc           9%         N/A       26%         3
 Vhi's Electric Charge    Tloc/Air       10%        N/A       45%         3
 Manifold Assault         Tloc           9%         N/A       65%         4


Dungeon Overview and Level Annotations

Branches:
Dungeon (2/15)

Altars:


Innate Abilities, Weirdness & Mutations

Spells you cast may paralyse adjacent enemies.


Message History

You hit the goblin.
The goblin is heavily wounded.
The goblin hits you but does no damage.
You hit the goblin.
You kill the goblin!
You see here a +0 dagger.
h - a +0 dagger
h - a +0 dagger (weapon)
You drop a +0 falchion.
Search for what [Enter for "blade", or ? for help]? blade Unknown command.
You now have 55 gold pieces (gained 16).
There are no items here.
Okay, then.
Found 3 smoky black potions.
Found a stone staircase leading up.
Found a scroll labelled QOICIL DADWUF.
There is a stone staircase leading up here.
A worm and an adder come into view.
A kobold comes into view. It is wielding a +0 short sword.
The kobold shouts!
You see here 3 smoky black potions.
a - 3 smoky black potions The adder hisses angrily.
You hit the worm.
The worm is lightly wounded.
The worm barely misses you. The worm bites you!
There is a stone staircase leading up here.
You climb upwards.
There is a stone staircase leading down here.
Search for what [Enter for "blade", or ? for help]? blade You climb downwards.
The worm bites you.
There is a stone staircase leading up here.
The worm bites you!
Ouch! That really hurt!
* * * LOW HITPOINT WARNING * * *
You climb upwards.
There is a stone staircase leading down here.
The worm bites you.
You die...

.......#######.# #.......#
...###..# #.# #.##..#.# ...#
##.######÷######.....#.#####
...#
#..#....÷..#...†.####.##...
...# ##.#.......#.#####
#.##.## #### #.#.......#.#
#.##.## #.........#.#
#...... ##........#.#
####.## ########.......@..#
#.# #............>w..## #.#
#...............## #.#
#...............# #.#
#...............# #.##
#..........###### #...
#..........######## ####
#(................#
#.................#


You could see a worm.

Vanquished Creatures
  5 ball pythons (D:1)
  2 bats (D:1)
  4 endoplasms
  A giant cockroach (D:1)
  A goblin (D:2)
  A hobgoblin (D:1)
  A quokka (D:1)
  5 frilled lizards (D:1)
  2 rats (D:1)
22 creatures vanquished.

Notes
Turn   | Place    | Note
-------+----------+-------------------------------------------
     0 | D:1      | monsoonserge the Demonspawn Warper began the quest for the
                  | Orb.
     0 | D:1      | Reached XP level 1. HP: 16/16 MP: 3/3
   145 | D:1      | Gained mutation: Spells you cast may paralyse adjacent
                  | enemies. [demonic ancestry]
   145 | D:1      | Reached XP level 2. HP: 22/22 MP: 5/5
   248 | D:1      | Reached skill level 1 in Armour
   248 | D:1      | Reached skill level 3 in Translocations
   277 | D:1      | Learned a level 2 spell: Blink
   581 | D:1      | Slain by a worm

Illustrated notes

Levels and vault maps discovered:
D:1:      dpeg_arrival_tiny_d, layout_basic
D:2:      layout_loops_ring, minmay_tree_intersection

Skill      XL: |  1  2 |
---------------+-------+-----
Long Blades    | 2 |  2.2
Armour         | 1 |  1.0
Dodging        | 2 |  2.0
Translocations | 3 |  3.0
Fighting       | |  2.0
Short Blades   | |  0.7
Throwing       | |  0.8
Spellcasting   | |  2.0

Action                     || total
---------------------------++-------
  Melee: Falchion          ||    54
         Dagger            ||     1
 Armour: Leather armour    ||    21
  Dodge: Dodged            ||    36
